 Dungeon Crawl Stone Soup version 0.27.1-34-g3ba077fa99 (webtiles) character file.

Game seed: 10254549234035593382

769816 LLlMATKO the Conqueror (level 27, -20/286 HPs)
             Began as a Minotaur Berserker on Jan 29, 2022.
             Was the Champion of Trog.
             Killed from afar by a Brimstone Fiend (45 damage)
             ... with damnation
             ... created by the effects of Hell
             ... on level 1 of Gehenna on Jan 30, 2022.
             The game lasted 02:59:43 (103788 turns).

LLlMATKO the Conqueror (Minotaur Berserker)       Turns: 103788, Time: 02:59:46

Health: -20/286    AC: 54    Str: 27 (29) XL:     27
Magic:  19/19      EV: 24    Int:  0 (11) God:    Trog [******]
Gold:   6328       SH: 36    Dex: 23 (26) Spells: 26/26 levels left

rFire    + . .     SeeInvis .   f - +8 broad axe of Edghey {flame, Drain rN+ Int+8}
rCold    + + +     Faith    .   t - +3 tower shield {rC+}
rNeg     + . .     Spirit   .   g - +12 gold dragon scales
rPois    +         Reflect  +   P - +2 hat {Will+}
rElec    +         Harm     .   I - +2 cloak {Will+}
rCorr    .         Rampage  .   T - +3 pair of gauntlets of War {Slay+5}
Will     +++++     Rnd*Rage +   O - +2 pair of boots
Stlth    ..........             F - amulet of Odegag {Reflect Will+ SH+5}
HPRegen  0.57/turn              y - ring "Pigrymym" {Ice rElec Str+5 Dex+4}
MPRegen  0.16/turn              c - ring "Gitisedgh" {Fly rF+ Will+}

@: berserking, flying, slowed, lost intelligence, studying Staves
A: horns 2, retaliatory headbutt, agile 1, berserk 2, deterioration 2, dopey 1,
frail 3, low mp 1, screaming 1
}: 3/15 runes: decaying, serpentine, silver
a: Renounce Religion, Berserk, Trog's Hand, Brothers in Arms


You were on level 1 of Gehenna.
You worshipped Trog.
Trog was exalted by your worship.
You visited 14 branches of the dungeon, and saw 58 of its levels.
You visited the Abyss 1 time.
You visited 1 bazaar.
You also visited: Trove, Ossuary, Bailey, Gauntlet, Ice Cave, Wizlab and Desolation.

You collected 10822 gold pieces.
You spent 4494 gold pieces at shops.

Inventory:

Hand Weapons
 f - the +8 broad axe of Edghey (weapon) {flame, Drain rN+ Int+8}
   (You acquired it on level 1 of the Dungeon)

   It burns those it strikes, dealing additional fire damage.
   Big, fiery blades are also staple armaments of hydra-hunters.
   Int:       It affects your intelligence (+8).
   rN:        It protects you from negative energy.
   Drain:     It drains your maximum health when unequipped.
 s - the +1 broad axe of Dismay {vamp, rPois Will++}
   (You found it in an ice cave)

   It occasionally heals its wielder for a portion of the damage dealt when it
   wounds a living foe.
   rPois:     It protects you from poison.
   Will:      It greatly increases your willpower.
 Y - the +6 hand crossbow of Destiny {flame, rF+ rN+ Will+}
   (You bought it in a shop on level 11 of the Dungeon)

   Any ammunition fired from it burns those it strikes, dealing additional fire
   damage.
   rF:        It protects you from fire.
   rN:        It protects you from negative energy.
   Will:      It increases your willpower.
Missiles
 e - 1480 bolts
 n - 17 atropa-tipped darts (quivered)
 C - 2 curare-tipped darts
Armour
 g - +12 gold dragon scales (worn)
 t - a +3 tower shield of cold resistance (worn)
 I - a +2 cloak of willpower (worn)
 O - a +2 pair of boots (worn)
 P - a +2 hat of willpower (worn)
 T - the +3 pair of gauntlets of War (worn) {Slay+5}
   (You bought it in a shop on level 11 of the Dungeon)

   Slay:      It affects your accuracy & damage with ranged weapons and melee
   (+5).
Jewellery
 c - the ring "Gitisedgh" (right hand) {Fly rF+ Will+}
   (You found it on level 3 of the Swamp)

   [ring of flight]

   rF:        It protects you from fire.
   Fly:       It grants you flight.
   Will:      It increases your willpower.
 q - the ring "Gubor" {EV+4 Str+2}
   (You found it in a wizard's laboratory)

   [ring of evasion]

   EV:        It affects your evasion (+4).
   Str:       It affects your strength (+2).
 y - the ring "Pigrymym" (left hand) {Ice rElec Str+5 Dex+4}
   (You found it on level 3 of the Swamp)

   [ring of ice]

   It enhances your ice magic.
   Str:       It affects your strength (+5).
   Dex:       It affects your dexterity (+4).
   rF:        It makes you vulnerable to fire.
   rC:        It protects you from cold.
   rElec:     It insulates you from electricity.
 B - the ring of Meecuz {Fire Drain rN+++ rCorr Dex-4}
   (You found it on level 1 of the Orcish Mines)

   [ring of fire]

   It enhances your fire magic.
   Dex:       It affects your dexterity (-4).
   rF:        It protects you from fire.
   rC:        It makes you vulnerable to cold.
   rN:        It renders you almost immune to negative energy.
   rCorr:     It protects you from acid and corrosion.
   Drain:     It drains your maximum health when unequipped.
 D - a ring of poison resistance
 F - the amulet of Odegag (around neck) {Reflect Will+ SH+5}
   (You found it in a Gauntlet)

   [amulet of reflection]

   It reflects blocked missile attacks.
   SH:        It affects your SH (+5).
   Will:      It increases your willpower.
 Q - a ring of see invisible
 R - the ring of Dannekol {rC+ rN+ Dex+6}
   (You took it off an ironbound preserver on level 5 of the Vaults)

   [ring of dexterity]

   Dex:       It affects your dexterity (+6).
   rC:        It protects you from cold.
   rN:        It protects you from negative energy.
 S - a ring of protection from cold
 W - a ring of resist corrosion
Wands
 i - a wand of iceblast (44)
 k - a wand of paralysis (30)
 o - a wand of flame (134)
 z - a wand of polymorph (7)
 H - a wand of digging (21)
 L - a wand of mindburst (91)
 N - a wand of acid (41)
Scrolls
 j - 43 scrolls of identify
 l - 15 scrolls of noise
 m - a scroll of enchant armour
 r - 6 scrolls of blinking
 v - 18 scrolls of teleportation
 x - 3 scrolls of enchant weapon
 A - 3 scrolls of silence
 G - 11 scrolls of fog
 J - 2 scrolls of holy word
 V - 4 scrolls of summoning
 X - 7 scrolls of fear
 Z - 2 scrolls of brand weapon
Potions
 a - 7 potions of berserk rage
 b - 4 potions of haste
 d - 21 potions of curing
 h - 7 potions of invisibility
 p - 4 potions of heal wounds
 u - 8 potions of cancellation
 w - 14 potions of flight
 E - 13 potions of might
 M - 11 potions of ambrosia
 U - 5 potions of resistance
Miscellaneous
 K - a piece from Xom's chessboard (15/15)


   Skills:
 O Level 27 Fighting
 - Level 20.0 Axes
 - Level 10.0 Crossbows
 - Level 6.0 Throwing
 O Level 27 Armour
 O Level 27 Dodging
 O Level 27 Shields
 + Level 18.2 Evocations


You had 26 spell levels left.
You didn't know any spells.
Your spell library was empty.

Dungeon Overview and Level Annotations

Branches:
Dungeon (15/15)            Temple (0/1) D:5            Lair (6/6) D:11
  Swamp (4/4) Lair:3        Snake (4/4) Lair:4        Slime (3/5) Lair:6
    Orc (2/2) D:9             Elf (3/3) Orc:2        Vaults (5/5) D:13
  Crypt (3/3) Vaults:3       Tomb (0/3) Crypt:3      Depths (5/5) D:15
   Hell (visited)             Dis (1/7) Hell            Geh (1/7) Hell
    Coc (0/7) Hell            Tar (0/7) Hell            Zot (5/5) Depths:5
Ossuary (visited)          Bailey (visited)           IceCv (visited)
 WizLab (visited)         Desolation (visited)      Gauntlet (visited)

Altars:
Hepliaklqana
Kikubaaqudgha
Makhleb
Okawaru
Ru
Sif Muna
Trog
Uskayaw
Vehumet
Xom
Beogh
Jiyva

Shops:
D:1 ?   D:11 (([   D:14 *   Orc:2 :*[(   Elf:1 ?   Elf:2 ?   Vaults:3 *
Depths:3 =:=:

Portals:
Hell: Depths:1 Depths:2 Depths:3 Depths:4 Depths:5
Abyss: Swamp:2 Depths:3 Depths:4 Depths:5
Pandemonium: Depths:3 Depths:4
Ziggurat: Depths:5

Annotations:
Swamp:2 2 transporters, swinepaste's ghost, journeyman DsMo


Innate Abilities, Weirdness & Mutations

You have a pair of horns on your head.
You reflexively headbutt those who attack you in melee.
You are agile. (Dex +2)
You often lose your temper in combat.
Your body often deteriorates upon taking damage.
You are dopey. (Int -2)
You are extremely frail. (-30% HP)
Your magical capacity is low. (-10% MP)
You occasionally shout uncontrollably at your foes.


Message History

You hit the Brimstone Fiend. You headbutt the Brimstone Fiend!!
The Brimstone Fiend is moderately wounded.
The Brimstone Fiend calls on the powers of darkness!
Your body is wracked with pain!
Your body deteriorates!
You feel clumsy.
You slice the Brimstone Fiend!!
The Brimstone Fiend is heavily wounded.
You block the Brimstone Fiend's attack. x2; The Brimstone Fiend misses you.
You slash the Brimstone Fiend! You headbutt the Brimstone Fiend.
The Brimstone Fiend is severely wounded.
A fire dragon zombie comes into view.
The Brimstone Fiend calls on the powers of darkness!
Your body is wracked with pain!
You are too injured to fight recklessly!
You are too injured to fight recklessly!
Unknown command.
You recover from your berserk rage.
You block the Brimstone Fiend's attack. The Brimstone Fiend closely misses you.
You block the Brimstone Fiend's attack.
You are too injured to fight recklessly!
You are too injured to fight recklessly!
You slash the Brimstone Fiend!
The Brimstone Fiend is severely wounded.
The Brimstone Fiend calls on the powers of darkness!
Your body is wracked with pain!
* * * LOW HITPOINT WARNING * * *
A red film seems to cover your vision as you go berserk!
You feel yourself moving faster!
You feel mighty!
A hellion comes into view.
You block the Brimstone Fiend's attack. x2
The Brimstone Fiend hits you but does no damage.
The hellion gestures at you.
The sphere of damnation explodes!
The damnation engulfs you!!
* * * LOW HITPOINT WARNING * * *
Your body deteriorates!
You feel clumsy.
The damnation engulfs the Brimstone Fiend.
The Brimstone Fiend completely resists.
The Brimstone Fiend gestures at you.
The sphere of damnation explodes!
The damnation engulfs you!!!
You die...

#..#.......#
#. #......####
.
##......#.###
..
##..#......#
#...##.....#
#...####)..#
#######..###
#.#..1...#
##....@...#
.#+#....###..#
......2..#####
........##
........#
........#
.........
...Z.....
.........


You could see a Brimstone Fiend and a hellion.

Vanquished Creatures
  7 ancient liches
  Mennas (Vaults:2)
  7 orbs of fire
  5 dread liches
  Mara (Vaults:5)
  5 Killer Klowns (Zot:5)
  Margery (Vaults:2)
  Boris (Crypt:3)
  Bai Suzhen (Vaults:2)
  Xtahua (Vaults:2)
  A caustic shrike (Depths:2)
  Geryon (Hell)
  3 curse toes
  14 golden dragons
  Nikola (Elf:1)
  A bone dragon (Crypt:3)
  The ghost of ZodNigurash the Eclecticist, an adept DrIE of Vehumet (Vaults:4)
  A Cloud Mage (WizLab)
  The ghost of Muvus the Executioner, an adept DsFi of Uskayaw (Vaults:2)
  4 electric golems
  3 hellephants (Zot:5)
  7 liches
  Jorgrun (Swamp:1)
  Rupert (Lair:3)
  3 deep elf blademasters
  33 tentacled monstrosities
  Asterion (Elf:1)
  25 Orb Guardians (Zot:5)
  A quicksilver dragon (shapeshifter) (Zot:5)
  2 titans (Vaults:5)
  Murray (Hell)
  3 acid blobs (Depths:3)
  6 quicksilver dragons
  An Executioner (Abyss:3)
  Gastronok (Lair:3)
  12 death cobs
  2 deep elf master archers (Elf:3)
  2 tentacled starspawn (Abyss:3)
  5 sphinxes
  An ancient champion (Crypt:1)
  Frances (Snake:2)
  2 thorn hunters
  Kirke (D:15)
  4 tengu reavers
  10 storm dragons
  7 shadow dragons
  12 draconian monks
  Roxanne (Snake:3)
  A nagaraja (Snake:4)
  The ghost of MilesTheDWarrior the Fencer, a journeyman MiGl of Nemelex Xobeh (Swamp:1)
  7 rockslimes
  4 azure jellies
  6 fire giants
  8 iron dragons
  6 orc warlords
  4 ghost moths
  17 frost giants
  Louise (D:14)
  2 balrugs (Hell)
  An imperial myrmidon (Desolation)
  4 ghouls
  4 deep elf elementalists (Elf:3)
  7 draconian knights
  7 deep elf sorcerers
  8 draconian scorchers
  15 vault wardens
  A curse skull (Crypt:1)
  A cacodemon (Depths:3)
  6 draconian stormcallers
  4 draconian shifters (Zot:4)
  17 very ugly things
  8 draconian annihilators
  A spriggan defender (Depths:3)
  10 ironbound preservers
  6 reapers
  25 stone giants
  A quicksilver ooze (Slime:1)
  7 vampire knights
  8 war gargoyles
  5 deep elf demonologists
  Nessos (Orc:2)
  4 dire elephants
  14 yellow draconians
  24 green draconians
  2 lorocyprocas (Hell)
  7 deep elf annihilators
  A minotaur (Gauntlet)
  13 red draconians
  20 white draconians
  19 purple draconians
  6 bunyips
  15 spark wasps
  Azrael (D:15)
  2 halazid warlocks (Desolation)
  3 eidola
  13 black draconians
  8 deep elf death magi
  A green death (Hell)
  7 crystal guardians
  12 yaktaur captains
  12 fire dragons
  6 eleionomae
  5 blizzard demons
  Josephine (D:15)
  5 jiangshi (Crypt:2)
  6 deep elf high priests
  9 ettins
  8 ragged hierophants (Desolation)
  3 boulder beetles
  6 ironbound thunderhulks
  8 great orbs of eyes
  42 vault guards
  The ghost of Garym the Cruncher, a journeyman MiGl of Okawaru (D:12)
  A hell beast (Hell)
  8 peacekeepers
  15 naga warriors
  13 servants of whispers (Desolation)
  4 ghost crabs
  2 salamander tyrants (Snake:4)
  5 rakshasas
  2 catoblepae
  11 hydras
  An ogre mage (Vaults:5)
  A merfolk avatar (Lair:6)
  17 anacondas
  2 ironbound frosthearts
  9 spriggan air magi
  9 ice dragons
  14 alligators
  A death knight (D:14)
  7 tengu warriors
  11 two-headed ogres
  10 centaur warriors
  42 dancing weapons
  A titan zombie (Crypt:3)
  14 naga sharpshooters
  10 orc high priests
  7 deep troll shamans
  A death yak (shapeshifter) (Zot:5)
  4 vampire magi
  9 shock serpents
  3 ironbound beastmasters
  6 spriggan berserkers
  3 deep troll earth magi
  Urug (D:10)
  23 deep elf knights
  14 sun demons
  26 hell knights
  A fire crab (shapeshifter) (Vaults:5)
  A shadow wraith (Vaults:5)
  7 salamander mystics
  6 soul eaters
  2 storm dragon skeletons (Crypt:3)
  6 death drakes
  A spectral spriggan (Swamp:1)
  A ghost moth zombie (Geh:1)
  A golden dragon zombie (Crypt:3)
  6 goliath frogs
  4 iron trolls (Depths:1)
  6 sea snakes
  18 skeletal warriors
  A sixfirhy (Abyss:3)
  4 swamp dragons
  A spriggan druid (Swamp:1)
  12 deep elf archers
  5 glowing orange brains
  A flayed ghost (Depths:3)
  41 deep trolls
  2 starcursed masses (Abyss:3)
  7 naga ritualists
  2 anaconda zombies (Hell)
  43 orc knights
  4 lindwurms
  2 orange crystal statues (Zot:5)
  A lindwurm (shapeshifter) (Elf:3)
  11 bog bodies
  33 deep elf zephyrmancers
  9 phantasmal warriors
  19 ironbound convokers
  13 necromancers
  A harpy (shapeshifter) (Vaults:1)
  9 harpies
  2 shining eyes
  13 mana vipers
  13 wizards
  A wolf spider (shapeshifter) (Vaults:4)
  A wolf spider (D:9)
  3 frost giant zombies
  A wolf spider zombie (Crypt:3)
  An iron dragon zombie (Geh:1)
  2 human zombies
  A fire giant zombie (Crypt:3)
  26 deep elf pyromancers
  4 orc sorcerers
  A shadow dragon skeleton (Geh:1)
  3 tengu skeletons
  3 manticores
  11 large abominations
  8 will-o-the-wisps
  2 shining eyes (shapeshifter)
  45 ugly things
  12 cyclopes
  27 salamanders
  3 stone giant zombies
  2 oklob plants (Lair:2)
  A frost giant skeleton (Crypt:2)
  20 naga magi
  22 moths of wrath
  16 elephants
  8 rust devils
  Maurice (Orc:2)
  A centaur zombie (D:11)
  12 guardian serpents
  2 eyes of devastation
  9 molten gargoyles
  2 black mambas (shapeshifter)
  21 vault sentinels
  An ice statue (IceCv)
  4 gargoyles
  36 black mambas
  13 cane toads
  3 apocalypse crabs
  An orange demon (Abyss:3)
  10 smoke demons
  A dire elephant skeleton (Crypt:3)
  11 freezing wraiths
  2 hellions
  3 sea snake zombies (Hell)
  A green draconian zombie (Crypt:1)
  An alligator snapping turtle skeleton (Crypt:2)
  6 komodo dragons
  10 rime drakes
  A tormentor (Dis:1)
  An entropy weaver simulacrum (IceCv)
  2 unseen horrors (D:12)
  27 yaktaurs
  A catoblepas skeleton (Crypt:2)
  An anaconda simulacrum (IceCv)
  2 demonic crawlers (Hell)
  4 kobold demonologists
  12 tengu conjurers
  2 ice devils
  A white draconian skeleton (Crypt:1)
  A yellow draconian skeleton (Crypt:2)
  An efreet (D:14)
  A hellwing (Depths:3)
  A hydra zombie (Hell)
  2 red devils (Hell)
  A merfolk (shapeshifter) (Elf:3)
  An ancient zyme (Abyss:3)
  A queen bee (Lair:4)
  A ghost moth simulacrum (Abyss:3)
  A wolf spider simulacrum (D:15)
  3 meliai (Lair:4)
  11 polar bears
  A red draconian skeleton (Crypt:2)
  8 tyrant leeches
  7 trolls
  A hornet (shapeshifter) (Vaults:1)
  3 wind drakes (WizLab)
  54 saltlings (Desolation)
  A troll (shapeshifter) (Elf:3)
  A polar bear (shapeshifter) (Elf:3)
  2 hornets
  24 blink frogs
  Prince Ribbit (Lair:3)
  A blink frog (shapeshifter) (D:14)
  8 raiju
  A hydra skeleton (Hell)
  2 harpy skeletons
  2 snapping turtles (Lair:6)
  An ettin zombie (Crypt:3)
  2 spriggan zombies
  24 slime creatures
  2 snapping turtles (shapeshifter)
  A slime creature (shapeshifter) (Vaults:1)
  A satyr skeleton (Crypt:2)
  2 spriggan skeletons (Depths:1)
  15 air elementals
  An ettin skeleton (Depths:1)
  37 flying skulls
  2 shadows
  6 spriggans
  A dire elephant simulacrum (IceCv)
  58 yaks
  9 wraiths
  A yak (shapeshifter) (D:12)
  6 wyverns
  A ynoxinul (Depths:3)
  4 golden eyes (Slime:2)
  4 water elementals
  2 neqoxecs (Abyss:3)
  5 fire elementals
  2 basilisks
  7 hogs (D:15)
  A basilisk (shapeshifter) (Elf:3)
  6 swamp worm simulacra (Swamp:4)
  19 humans (D:13)
  A black mamba skeleton (Crypt:3)
  A death yak simulacrum (IceCv)
  A chaos spawn (Depths:4)
  5 steam dragons
  5 vampire mosquitoes
  12 swamp worms
  52 nagas
  5 wargs
  A harpy simulacrum (IceCv)
  2 floating eyes
  2 hell hounds (D:15)
  A human simulacrum (Vaults:3)
  A swamp worm (shapeshifter) (Zot:5)
  15 hydra simulacra
  Duvessa (D:5)
  15 water moccasins
  7 swamp drakes
  A small abomination (Abyss:3)
  76 orc warriors
  An ice beast (D:9)
  8 necrophages
  A swamp dragon zombie (Crypt:1)
  14 centaurs
  10 black bears
  A snapping turtle zombie (Crypt:3)
  5 ogres
  5 boggarts (Vaults:1)
  A swamp dragon skeleton (Crypt:1)
  2 wolves (D:11)
  An elephant skeleton (Crypt:1)
  6 kobold brigands
  21 bullfrogs
  5 earth elementals
  2 elf zombies (Elf:1)
  5 gnoll sergeants
  5 cane toad simulacra (IceCv)
  2 scorpions
  Dowan (D:5)
  5 two-headed ogre simulacra (IceCv)
  A wyvern skeleton (D:7)
  A water moccasin skeleton (D:5)
  A hornet simulacrum (D:14)
  29 killer bees
  12 wights
  2 electric eels
  4 howler monkeys
  2 bullfrog zombies
  A centaur skeleton (Crypt:3)
  8 jellies
  42 orc priests
  Jessica (D:3)
  2 gnoll shamans
  16 orc wizards
  2 iguanas
  6 troll simulacra (IceCv)
  Terence (D:2)
  6 polar bear simulacra (IceCv)
  3 spriggan simulacra (IceCv)
  3 killer bee zombies
  A wolf simulacrum (IceCv)
  A centaur simulacrum (D:9)
  An acid dragon skeleton (Crypt:1)
  8 mummies (Ossuary)
  A hound skeleton (D:4)
  Robin (D:2)
  22 gnolls
  9 adders
  An adder (shapeshifter) (Zot:5)
  A howler monkey skeleton (D:5)
  5 naga simulacra (IceCv)
  2 shadow imps
  13 white imps
  A howler monkey simulacrum (D:9)
  9 ufetubi
  2 swamp drake simulacra (Swamp:4)
  A worm (D:2)
  3 dart slugs
  115 orcs
  12 ball pythons
  20 endoplasms
  2 giant cockroaches (D:1)
  2 gnoll zombies (Ossuary)
  15 goblins
  9 hobgoblins
  2 jackals (D:3)
  31 kobolds
  3 quokkas
  8 bats
  4 frilled lizards
  A goblin zombie (Crypt:2)
  A hobgoblin skeleton (Crypt:2)
  A hobgoblin zombie (Ossuary)
  3 kobold zombies
  4 orc zombies
  5 rats
  4 plants (Depths:2)
  2 starspawn tentacles (Abyss:3)
2876 creatures vanquished.

Vanquished Creatures (collateral kills)
  The ghost of Jazqba the Hand of Fortune, a veteran HOBr of Nemelex Xobeh (Vaults:4)
  The ghost of Faydane the Hoplite, a veteran HuFi of the Shining One (Vaults:4)
  The ghost of FLACIDUS the Earth Mage, a journeyman GrEE of Vehumet (Orc:1)
  2 orc warriors (Orc:1)
  An orc (Orc:1)
6 creatures vanquished.

Vanquished Creatures (others)
  A draconian knight (Zot:1)
  A very ugly thing (Depths:3)
  A hydra (Swamp:4)
  A boulder beetle (Lair:3)
  A naga warrior (Snake:3)
  An alligator (Swamp:4)
  2 deep elf pyromancers (Elf:1)
  A yaktaur (Vaults:5)
  3 bloated husks
  2 tyrant leeches
  15 demonic plants (Gauntlet)
  42 foxfires
  26 fungi
  A lurking horror (Abyss:3)
  80 plants
  8 starspawn tentacles (Abyss:3)
  10 toadstools (D:3)
  10 withered plants
206 creatures vanquished.

Grand Total: 3088 creatures vanquished

Notes
Turn   | Place    | Note
-------+----------+-------------------------------------------
     0 | D:1      | LLlMATKO the Minotaur Berserker began the quest for the
                  | Orb.
     0 | D:1      | Reached XP level 1. HP: 19/19 MP: 0/0
   145 | D:1      | Reached XP level 2. HP: 27/27 MP: 1/1
   276 | D:1      | Found Dunofabo's Magic Scroll Shop.
   675 | D:1      | Found a faded altar of an unknown god.
   780 | D:1      | Reached ** piety under Trog
   783 | D:1      | Reached XP level 3. HP: 31/33 MP: 2/2
   976 | D:2      | Noticed Robin
   986 | D:2      | Killed Robin
   987 | D:2      | Reached skill level 1 in Shields
   987 | D:2      | Reached XP level 4. HP: 40/40 MP: 3/3
  1341 | D:2      | Noticed Terence
  1349 | D:2      | Killed Terence
  1586 | D:3      | Reached *** piety under Trog
  1631 | D:3      | Reached XP level 5. HP: 45/47 MP: 4/4
  1723 | D:3      | Noticed Jessica
  1736 | D:3      | Killed Jessica
  2197 | D:3      | Reached XP level 6. HP: 55/55 MP: 5/5
  2544 | D:4      | Reached skill level 5 in Axes
  2565 | D:4      | Found a sand-covered staircase.
  2590 | Ossuary  | Entered an ossuary
  2613 | Ossuary  | Reached **** piety under Trog
  2631 | Ossuary  | Reached skill level 5 in Fighting
  3266 | D:4      | Found a radiant altar of Vehumet.
  3661 | D:4      | Found a burning altar of Makhleb.
  3673 | D:5      | Entered Level 5 of the Dungeon
  3782 | D:5      | Reached XP level 7. HP: 56/61 MP: 6/6
  3816 | D:5      | Reached skill level 5 in Armour
  3819 | D:5      | Noticed Duvessa
  3827 | D:5      | Noticed Dowan
  3830 | D:5      | Killed Duvessa
  3833 | D:5      | Killed Dowan
  4061 | D:5      | Reached skill level 5 in Dodging
  4100 | D:5      | Found a hazy altar of Hepliaklqana.
  4215 | D:5      | Reached ***** piety under Trog
  4227 | D:5      | Reached XP level 8. HP: 70/70 MP: 7/7
  4402 | D:5      | Found a bloodstained altar of Trog.
  4471 | D:5      | Found a staircase to the Ecumenical Temple.
  5001 | D:6      | Reached skill level 5 in Shields
  5841 | D:7      | Found a hide-covered altar of Uskayaw.
  5897 | D:7      | Reached XP level 9. HP: 79/79 MP: 8/8
  6060 | D:7      | Noticed a two-headed ogre
  6085 | D:7      | Killed a two-headed ogre
  7215 | D:1      | Bought a scroll of acquirement for 572 gold pieces
  7215 | D:1      | Acquired 1049 gold pieces
  7216 | D:1      | Acquired the +8 broad axe of Edghey {flame, Drain rN+
                  | Int+8}
  7217 | D:1      | Acquired a manual of Fighting
  7952 | D:8      | Found an iron altar of Okawaru.
  8206 | D:9      | Reached XP level 10. HP: 90/90 MP: 9/9
  8343 | D:9      | Received a gift from Trog
  8365 | D:9      | Noticed an orange demon
  8564 | D:9      | Reached skill level 10 in Fighting
  8799 | D:9      | Found a staircase to the Orcish Mines.
  9232 | D:9      | Noticed a deep elf pyromancer
  9232 | D:9      | Noticed a skeletal warrior
  9241 | D:9      | Killed a skeletal warrior
  9242 | D:9      | Killed a deep elf pyromancer
  9434 | D:9      | Noticed a cyan ugly thing
  9439 | D:9      | Killed a cyan ugly thing
  9440 | D:9      | Reached XP level 11. HP: 101/101 MP: 10/10
  9487 | D:9      | Noticed a green ugly thing
  9498 | D:9      | Killed a green ugly thing
  9499 | D:9      | Reached skill level 10 in Axes
  9883 | D:9      | Noticed a boulder beetle
  9883 | D:9      | Noticed a harpy
  9891 | D:9      | Killed a boulder beetle
  9896 | D:9      | Killed a harpy
  9947 | D:9      | Noticed a wolf spider
  9947 | D:9      | Noticed a deep troll
  9951 | D:9      | Killed a wolf spider
  9952 | D:9      | Reached skill level 10 in Armour
  9955 | D:9      | Killed a deep troll
 10568 | D:9      | Found a staircase to the Orcish Mines.
 11067 | D:10     | Entered Level 10 of the Dungeon
 11092 | D:10     | Found a flagged portal.
 11099 | D:10     | Noticed Urug
 11101 | Bailey   | Entered a bailey
 11115 | Bailey   | Noticed an orc knight
 11249 | D:10     | Killed Urug
 11249 | D:10     | Received a gift from Trog
 11604 | D:10     | Found a sacrificial altar of Ru.
 12130 | D:10     | Reached skill level 10 in Shields
 12539 | D:11     | Noticed a two-headed ogre
 12549 | D:11     | Killed a two-headed ogre
 12550 | D:11     | Reached skill level 10 in Dodging
 12550 | D:11     | Reached XP level 12. HP: 70/113 MP: 11/11
 12559 | D:11     | Found a staircase to the Lair.
 12819 | D:11     | Found a gate leading to a gauntlet.
 12822 | D:11     | Found Icuckuc's Antique Weapon Shop.
 12829 | Gauntlet | Entered a Gauntlet
 12829 | Gauntlet | Found a transporter.
 12829 | Gauntlet | Found a transporter.
 12829 | Gauntlet | Found a transporter.
 12830 | Gauntlet | Found a transporter.
 12833 | Gauntlet | Found a transporter.
 12833 | Gauntlet | Found a transporter.
 12843 | Gauntlet | Found a transporter.
 12847 | Gauntlet | Found a transporter.
 12849 | Gauntlet | Found a large runed translucent door.
 12850 | Gauntlet | Found a large runed translucent door.
 12851 | Gauntlet | Found a large runed translucent door.
 12851 | Gauntlet | Found a large runed translucent door.
 12851 | Gauntlet | Found a runed translucent door.
 12852 | Gauntlet | Found a large runed translucent door.
 12853 | Gauntlet | Found a large runed translucent door.
 12854 | Gauntlet | Found a large runed translucent door.
 12854 | Gauntlet | Found a large runed translucent door.
 12855 | Gauntlet | Found a runed translucent gate.
 12857 | Gauntlet | Noticed a catoblepas
 12859 | Gauntlet | Found a transporter.
 12866 | Gauntlet | Found a transporter.
 12866 | Gauntlet | Found a runed translucent gate.
 12867 | Gauntlet | Found a runed translucent gate.
 12868 | Gauntlet | Found a large runed translucent door.
 12868 | Gauntlet | Found a large runed translucent door.
 12869 | Gauntlet | Found a large runed translucent door.
 12870 | Gauntlet | Found a large runed translucent door.
 12879 | Gauntlet | Found a large runed translucent door.
 12879 | Gauntlet | Found a large runed translucent door.
 12879 | Gauntlet | Found a runed translucent door.
 12880 | Gauntlet | Found a large runed translucent door.
 12881 | Gauntlet | Found a large runed translucent door.
 12883 | Gauntlet | Found a transporter.
 12887 | Gauntlet | Found a transporter.
 13029 | Gauntlet | Gained mutation: You are dopey. (Int -2) [a shining eye]
 13213 | Gauntlet | Killed a catoblepas
 13251 | Gauntlet | Identified the amulet of Odegag {Reflect Will+ SH+5}
 13259 | Gauntlet | Identified the +2 morningstar of Division {vorpal, Int+4}
 13528 | Gauntlet | Noticed a minotaur
 13534 | Gauntlet | Killed a minotaur
 13879 | D:11     | Found Wieshe's Antique Armour Shoppe.
 13884 | D:11     | Bought the +3 pair of gauntlets of War {Slay+5} for 950
                  | gold pieces
 13884 | D:11     | Found the +3 pair of gauntlets of War {Slay+5}
 13938 | D:11     | Noticed a two-headed ogre
 13943 | D:11     | Killed a two-headed ogre
 14057 | D:11     | Noticed a two-headed ogre
 14061 | D:11     | Killed a two-headed ogre
 14152 | D:11     | Found Jegomod's Weapon Shop.
 14223 | D:11     | Bought a hand crossbow for 80 gold pieces
 14579 | D:12     | Noticed a two-headed ogre
 14585 | D:12     | Killed a two-headed ogre
 14586 | D:12     | Reached skill level 1 in Crossbows
 14706 | D:12     | Noticed a two-headed ogre
 14711 | D:12     | Killed a two-headed ogre
 14754 | Lair:1   | Entered Level 1 of the Lair of Beasts
 14934 | Lair:1   | Reached ****** piety under Trog
 15029 | Lair:1   | Reached XP level 13. HP: 125/125 MP: 12/12
 16074 | Lair:2   | Acquired 681 gold pieces
 16172 | D:11     | Bought the +6 hand crossbow of Destiny {flame, rF+ rN+
                  | Will+} for 961 gold pieces
 16430 | Lair:2   | Found a hide-covered altar of Uskayaw.
 16510 | Lair:2   | Reached skill level 15 in Fighting
 17101 | Lair:3   | Received a gift from Trog
 17118 | Lair:3   | HP: 3/126 [poison (poison gas)]
 17582 | Lair:3   | Found a staircase to the Swamp.
 17611 | Lair:3   | Noticed Gastronok
 17624 | Lair:3   | Killed Gastronok
 17819 | Lair:3   | Noticed Prince Ribbit
 17825 | Lair:3   | Killed Prince Ribbit
 17968 | Lair:3   | Noticed Rupert
 17983 | Lair:3   | Killed Rupert
 18521 | Lair:4   | You fall into a shaft and drop 2 floors!
 18521 | Lair:6   | Entered Level 6 of the Lair of Beasts
 18521 | Lair:6   | Found a staircase to the Slime Pits.
 18539 | Lair:6   | Reached skill level 5 in Crossbows
 18610 | Lair:6   | Found a frozen archway.
 18619 | IceCv    | Entered an ice cave
 18623 | IceCv    | Reached XP level 14. HP: 137/137 MP: 13/13
 18783 | IceCv    | Identified the +1 broad axe of Dismay {vamp, rPois Will++}
 19366 | Lair:5   | Received a gift from Trog
 20107 | Lair:4   | You fall into a shaft and drop 2 floors!
 20345 | Lair:4   | Found a staircase to the Snake Pit.
 20374 | Lair:4   | Received a gift from Trog
 22202 | Lair:6   | Reached XP level 15. HP: 147/147 MP: 14/14
 22510 | Lair:6   | Found a staircase to the Slime Pits.
 23219 | D:12     | Found a transporter.
 23224 | D:12     | Found a transporter.
 23225 | D:12     | Found a bloodstained altar of Trog.
 23228 | D:12     | Noticed Garym's ghost (journeyman MiGl)
 23890 | D:12     | Found a transporter.
 23899 | D:12     | Found a transporter.
 23900 | D:12     | Found a bloodstained altar of Trog.
 24120 | D:12     | Reached XP level 16. HP: 155/155 MP: 15/15
 24163 | D:12     | Killed Garym's ghost
 24505 | D:13     | Received a gift from Trog
 25092 | D:13     | Identified the +2 leather armour of Fybatz {Rampage}
 25249 | D:13     | Found a gate to the Vaults.
 25508 | D:14     | Found a hazy altar of Hepliaklqana.
 25526 | D:14     | Reached skill level 15 in Axes
 25896 | D:14     | Found Waqenn's General Store.
 25942 | D:14     | Noticed Louise
 25952 | D:14     | Killed Louise
 26222 | D:15     | Entered Level 15 of the Dungeon
 26229 | D:15     | Found a staircase to the Depths.
 26242 | D:15     | Received a gift from Trog
 26453 | D:15     | Noticed Kirke
 26465 | D:15     | Killed Kirke
 26477 | D:15     | Noticed Josephine
 26485 | D:15     | Killed Josephine
 26546 | D:15     | Noticed Azrael
 26565 | D:15     | Killed Azrael
 26761 | D:15     | Found a shimmering blue altar of Sif Muna.
 27137 | D:15     | Reached skill level 10 in Crossbows
 27380 | D:15     | Found a shimmering blue altar of Sif Muna.
 27550 | D:15     | Found a staircase to the Depths.
 27786 | Orc:1    | Entered Level 1 of the Orcish Mines
 28013 | Orc:1    | Found a runed translucent gate.
 28014 | Orc:1    | Found a runed translucent gate.
 28015 | Orc:1    | Found a runed translucent gate.
 28020 | Orc:1    | Identified the +5 chain mail of Untold Secrets {Harm rF-
                  | Regen+ Str+4}
 28020 | Orc:1    | Noticed FLACIDUS's ghost (journeyman GrEE)
 28078 | Orc:1    | Received a gift from Trog
 28080 | Orc:1    | Killed FLACIDUS's ghost
 28087 | Orc:1    | Reached XP level 17. HP: 163/163 MP: 16/16
 28103 | Orc:1    | Identified the ring of Meecuz {Fire Drain rN+++ rCorr
                  | Dex-4}
 28427 | Orc:1    | Reached skill level 15 in Armour
 28443 | Orc:1    | Reached skill level 15 in Shields
 28602 | Orc:1    | Found a transporter.
 28608 | Orc:1    | Found a transporter.
 29047 | Orc:1    | Found a transporter.
 29112 | Orc:1    | Found a transporter.
 29310 | Orc:2    | Entered Level 2 of the Orcish Mines
 29565 | Orc:2    | Noticed Nessos
 29578 | Orc:2    | Killed Nessos
 29698 | Orc:2    | Noticed Maurice
 29707 | Orc:2    | Killed Maurice
 29831 | Orc:2    | Received a gift from Trog
 30294 | Orc:2    | Found a staircase to the Elven Halls.
 30780 | Orc:2    | Gained mutation: Your body sometimes deteriorates upon
                  | taking damage. [a neqoxec]
 31203 | Orc:2    | Found Carr's General Store.
 31206 | Orc:2    | Found Imityecw's Armour Shop.
 31207 | Orc:2    | Found Poapitri's Book Boutique.
 31208 | Orc:2    | Found Zakheam's Antique Weapon Boutique.
 31214 | Orc:2    | Bought a slimy hand crossbow for 306 gold pieces
 31214 | Orc:2    | Identified the +3 hand crossbow "Pihuu" {penet, rF+ Int+5}
                  | (You bought it in a shop on level 2 of the Orcish Mines)
 31591 | Swamp:1  | Entered Level 1 of the Swamp
 31591 | Swamp:1  | Found a transporter.
 31600 | Swamp:1  | Received a gift from Trog
 31629 | Swamp:1  | Found a transporter.
 31773 | Swamp:1  | Noticed Jorgrun
 31791 | Swamp:1  | Killed Jorgrun
 32032 | Swamp:1  | Noticed MilesTheDWarrior's ghost (journeyman MiGl)
 32420 | Swamp:1  | Killed MilesTheDWarrior's ghost
 32721 | Swamp:2  | Found a transporter.
 32745 | Swamp:2  | Noticed a tentacled monstrosity
 32792 | Swamp:2  | Noticed swinepaste's ghost (journeyman DsMo)
 32804 | Swamp:2  | Found a transporter.
 32810 | Swamp:2  | Found a one-way gate to the infinite horrors of the Abyss.
 33006 | Swamp:2  | Reached skill level 1 in Throwing
 33669 | Swamp:3  | Reached XP level 18. HP: 136/174 MP: 17/17
 33944 | Swamp:3  | HP: 2/174 [poison (poison gas)]
 34369 | Swamp:3  | Received a gift from Trog
 34460 | Swamp:3  | Reached skill level 15 in Dodging
 35021 | Swamp:3  | Identified the ring "Pigrymym" {Ice rElec Str+5 Dex+4}
 35029 | Swamp:3  | Identified the ring "Gitisedgh" {Fly rF+ Will+}
 35255 | Swamp:4  | Entered Level 4 of the Swamp
 36378 | Swamp:4  | Received a gift from Trog
 36698 | Snake:1  | Entered Level 1 of the Snake Pit
 36914 | Snake:1  | HP: 10/264 [salamander (14)]
 36919 | Snake:1  | HP: 3/264 [poisoned by a naga ritualist (toxic radiance)]
 36920 | Snake:1  | HP: 1/176 [poisoned by a naga ritualist (toxic radiance)]
 38766 | Snake:2  | Noticed Frances
 38776 | Snake:2  | Killed Frances
 38776 | Snake:2  | Received a gift from Trog
 38781 | Snake:2  | Reached skill level 5 in Throwing
 39374 | Snake:2  | Found a shimmering altar of Xom.
 39887 | Snake:3  | Reached XP level 19. HP: 175/183 MP: 18/18
 39907 | Snake:3  | Found a hide-covered altar of Uskayaw.
 39919 | Snake:3  | Noticed Roxanne
 39935 | Snake:3  | Killed Roxanne
 40603 | Snake:3  | Received a gift from Trog
 41102 | Snake:4  | Entered Level 4 of the Snake Pit
 43350 | Snake:4  | Received a gift from Trog
 43620 | Snake:4  | Got a serpentine rune of Zot
 44546 | Vaults:1 | Entered Level 1 of the Vaults
 44659 | Vaults:1 | Found a crumbling gateway.
 44662 | Vaults:1 | Found the +4 Cigotuvi's embrace {rMiasma Drain rN+}
 44753 | Desolati | Entered the Desolation of Salt
 44958 | Desolati | Identified the amulet of the Duchess {Acrobat Rampage rC+}
 45018 | Desolati | Identified the +6 scimitar of Famine {vamp, rElec rC+}
 45099 | Desolati | Reached XP level 20. HP: 194/194 MP: 19/19
 45383 | Desolati | Received a gift from Trog
 45798 | Desolati | Identified the ring "Lustreul" {MP+9 AC+4}
 45799 | Desolati | Identified the ring "Caoshrara" {*Slow rC+ Str+4 Int+6
                  | Dex+2}
 46480 | Desolati | Identified the +8 hand axe "Qubec" {drain, rElec Dex+5}
 47185 | Vaults:1 | Received a gift from Trog
 47234 | Vaults:1 | Identified the +4 quarterstaff of the Battered Portals
                  | {vamp, rPois Will+ Int+2}
 48264 | Vaults:1 | Identified the +3 war axe "Epeask" {vorpal, Will- Str+4
                  | SInv Stlth+} (Trog gifted it to you on level 1 of the
                  | Vaults)
 48264 | Vaults:1 | Received a gift from Trog
 49422 | Vaults:2 | Reached XP level 21. HP: 204/204 MP: 20/20
 49549 | Vaults:2 | Noticed Margery
 49556 | Vaults:2 | Killed Margery
 49564 | Vaults:2 | HP: 3/306 [hell knight/bolt of fire[Margery] (26)]
 50022 | Vaults:2 | Noticed Xtahua
 50039 | Vaults:2 | Killed Xtahua
 50201 | Vaults:2 | Found a runed translucent door.
 50206 | Vaults:2 | Noticed Muvus's ghost (adept DsFi)
 50236 | Vaults:2 | Killed Muvus's ghost
 50242 | Vaults:2 | Identified the +4 glaive "Dammesups" {elec, *Slow rPois
                  | rCorr Int+7}
 50610 | Vaults:2 | Received a gift from Trog
 50999 | Vaults:2 | Noticed Mennas
 51034 | Vaults:2 | Killed Mennas
 51581 | Vaults:2 | Noticed Bai Suzhen
 51603 | Vaults:2 | Killed Bai Suzhen
 53440 | Vaults:3 | Found a staircase to the Crypt.
 53589 | Vaults:3 | Found Mualuorgh's General Store.
 53678 | Vaults:3 | Received a gift from Trog
 53942 | Vaults:4 | Reached skill level 1 in Evocations
 54102 | Vaults:4 | Reached XP level 22. HP: 215/215 MP: 21/21
 54421 | Vaults:4 | Found a runed translucent gate.
 54421 | Vaults:4 | Found a runed translucent gate.
 54421 | Vaults:4 | Found a runed translucent gate.
 55292 | Vaults:4 | Received a gift from Trog
 55499 | Vaults:4 | Noticed Jazqba's ghost (veteran HOBr)
 55500 | Vaults:4 | Noticed Faydane's ghost (veteran HuFi)
 55501 | Vaults:4 | Noticed ZodNigurash's ghost (adept DrIE)
 55515 | Vaults:4 | Killed ZodNigurash's ghost
 55518 | Vaults:4 | Killed Faydane's ghost
 55523 | Vaults:4 | Killed Jazqba's ghost
 55528 | Vaults:4 | Identified the +4 hunting sling "Zisk" {flame, rC++ rCorr
                  | Int-5 SInv}
 55707 | Vaults:5 | Entered Level 5 of the Vaults
 55707 | Vaults:5 | Noticed a golden dragon
 56805 | Vaults:5 | Received a gift from Trog
 57103 | Vaults:5 | Noticed a golden dragon
 57110 | Vaults:5 | Killed a golden dragon
 57111 | Vaults:5 | Reached skill level 5 in Evocations
 57939 | Vaults:5 | Killed a golden dragon
 58008 | Vaults:5 | Noticed a golden dragon
 58036 | Vaults:5 | Killed a golden dragon
 58069 | Vaults:5 | Noticed Mara
 58115 | Vaults:5 | Killed Mara
 58116 | Vaults:5 | Reached XP level 23. HP: 225/225 MP: 22/22
 58507 | Vaults:5 | Identified the +3 ring mail "Foykam" {Regen+ Str+4 Int+4}
 58650 | Vaults:5 | Received a gift from Trog
 58666 | Vaults:5 | Got a silver rune of Zot
 58668 | Vaults:5 | Identified the +1 cloak of Infinity {Dex+3}
 58722 | Vaults:5 | Noticed a dread lich
 58729 | Vaults:5 | Killed a dread lich
 59066 | Orc:2    | Bought a scroll of enchant armour for 105 gold pieces
 59443 | Vaults:5 | Noticed a dread lich
 59455 | Vaults:5 | Killed a dread lich
 59523 | Vaults:5 | Identified the +1 chain mail of Bedevilment {Str+4 Slay+3}
 60243 | Vaults:5 | Identified the ring of Dannekol {rC+ rN+ Dex+6}
 61913 | Elf:1    | Entered Level 1 of the Elven Halls
 62184 | Elf:1    | Noticed Asterion
 62310 | Elf:1    | Found Pogoludo's Magic Scroll Emporium.
 63545 | Elf:1    | Received a gift from Trog
 64299 | Elf:1    | Killed Asterion
 64475 | Elf:1    | Paralysed by an air elemental for 1 turns
 64502 | Elf:1    | Noticed Nikola
 64545 | Elf:1    | Killed Nikola
 65931 | Elf:1    | Found Pogoludo's Magic Scroll Emporium.
 66302 | Elf:2    | Received a gift from Trog
 66524 | Elf:2    | Identified the +5 mace of Qisexipt {antimagic, rN+ Int+3
                  | Dex-2}
 66567 | Elf:2    | Found Zemukhli's Magic Scroll Boutique.
 66576 | Elf:2    | Bought a scroll of magic mapping for 45 gold pieces
 66576 | Elf:2    | Bought a scroll of enchant armour for 97 gold pieces
 66576 | Elf:2    | Bought a scroll of enchant armour for 97 gold pieces
 66578 | Elf:2    | Acquired the +0 pair of gloves of the Furrier {Dex+2}
 66668 | Elf:2    | Reached XP level 24. HP: 235/235 MP: 22/22
 66748 | Elf:2    | Found a runed translucent gate.
 66749 | Elf:2    | Found a runed translucent gate.
 66749 | Elf:2    | Found a runed translucent gate.
 67289 | Elf:2    | Received a gift from Trog
 67977 | Elf:2    | Found Zemukhli's Magic Scroll Boutique.
 68274 | Elf:3    | Entered Level 3 of the Elven Halls
 68869 | Elf:3    | Paralysed by an air elemental for 1 turns
 69129 | Elf:3    | Identified the +1 robe of the Bulwark {+Blink rElec Will-}
 69129 | Elf:3    | Identified the ring "Liol" {Fire MP+9 Str+4}
 69138 | Elf:3    | Received a gift from Trog
 69269 | Elf:3    | Paralysed by an air elemental for 1 turns
 69272 | Elf:3    | Paralysed by an air elemental for 1 turns
 69906 | Elf:3    | Identified the +9 scale mail "Kaedeol" {rC++ Will+ Dex+3}
 70018 | Elf:3    | Identified the +10 mace of Feob {distort, rElec Will+
                  | Int+2}
 70038 | Elf:3    | Cast into level 3 of the Abyss (deep elf elementalist)
 70416 | Abyss:3  | Gained mutation: You are agile. (Dex +2) [a neqoxec]
 70465 | Elf:3    | Escaped the Abyss
 70964 | Elf:3    | Identified the +2 mace of Duty {venom, rC- Will+ rCorr
                  | Str+5}
 71276 | Elf:3    | Identified the +5 whip of Sequestration {drain, rPois rF+}
 71360 | Elf:3    | Identified the +1 scale mail of Death's Door {Int+4 Dex+3}
 71400 | Elf:3    | Identified the +2 plate armour of Raymm {rPois rC- rN+
                  | Str+2}
 72308 | Elf:3    | Received a gift from Trog
 73212 | Depths:1 | Entered Level 1 of the Depths
 73551 | Depths:1 | Reached skill level 10 in Evocations
 73898 | Depths:1 | Found a magical portal.
 73907 | WizLab   | Entered The Chambers of the Cloud Mage
 74319 | WizLab   | Received a gift from Trog
 74496 | WizLab   | Paralysed by an air elemental for 1 turns
 74515 | WizLab   | Reached XP level 25. HP: 245/245 MP: 22/22
 74577 | WizLab   | Paralysed by an air elemental for 1 turns
 74839 | WizLab   | Paralysed by an air elemental for 1 turns
 74886 | WizLab   | Paralysed by an air elemental for 1 turns
 75080 | WizLab   | Paralysed by an air elemental for 1 turns
 75083 | WizLab   | Paralysed by an air elemental for 1 turns
 75090 | WizLab   | Identified the ring "Gubor" {EV+4 Str+2}
 75102 | WizLab   | Identified the +1 scale mail of Jolaw {rF- Str-2 Dex+8
                  | Slay+6}
 75603 | Depths:1 | Found a gateway to Hell.
 76455 | Depths:1 | Found a gateway to Hell.
 77713 | Depths:2 | Received a gift from Trog
 79185 | Depths:3 | Found Rilu's Jewellery Boutique.
 79185 | Depths:3 | Found Wiulun's Book Shoppe.
 79186 | Depths:3 | Found Peemp's Jewellery Boutique.
 79194 | Depths:3 | Bought a manual of Armour for 1040 gold pieces
 79273 | Depths:3 | Identified the +5 morningstar of Egodot {vorpal, rN+ rCorr
                  | Str-2 Int+2}
 79577 | Depths:3 | Found Ohojaet's One-of-a-Kind Books.
 79700 | Depths:3 | Found a shimmering altar of Xom.
 79868 | Depths:3 | Found a one-way gate leading to the halls of Pandemonium.
 80069 | Depths:3 | Received a gift from Trog
 80084 | Depths:3 | Found a viscous altar of Jiyva.
 80161 | Depths:3 | Found Ohojaet's One-of-a-Kind Books.
 80201 | Depths:3 | Found a shimmering altar of Xom.
 80228 | Depths:3 | Found a one-way gate leading to the halls of Pandemonium.
 80386 | Depths:3 | Found Rilu's Jewellery Boutique.
 80386 | Depths:3 | Found Wiulun's Book Shoppe.
 80387 | Depths:3 | Found Peemp's Jewellery Boutique.
 80512 | Depths:3 | Found a viscous altar of Jiyva.
 80545 | Depths:4 | Paralysed by a floating eye for 4 turns
 80669 | Depths:4 | Reached XP level 26. HP: 241/258 MP: 22/22
 80867 | Depths:4 | Found a hide-covered altar of Uskayaw.
 81191 | Depths:5 | Entered Level 5 of the Depths
 81231 | Depths:5 | Found a flickering gateway to a bazaar.
 81236 | Bazaar   | Entered a bazaar
 81236 | Bazaar   | Found Ucuw's Magic Scroll Emporium.
 81286 | Bazaar   | Bought a scroll of teleportation for 36 gold pieces
 81286 | Bazaar   | Bought a scroll of magic mapping for 42 gold pieces
 81286 | Bazaar   | Bought a scroll of teleportation for 36 gold pieces
 81289 | Bazaar   | Found Fitokael's Jewellery Boutique.
 81297 | Bazaar   | Found Bowutud's Antique Weapon Boutique.
 81308 | Bazaar   | Found Basety's General Store.
 81316 | Bazaar   | Bought a scroll of enchant armour for 127 gold pieces
 81327 | Bazaar   | Found Kaptuqi's Antique Armour Shop.
 81363 | Hell     | Entered the Vestibule of Hell
 81363 | Hell     | Noticed Geryon
 81475 | Depths:5 | Received a gift from Trog
 81483 | Depths:5 | Found a gateway to a ziggurat.
 81783 | Depths:5 | Found a portal to a secret trove of treasure.
 81833 | Depths:5 | You paid a toll of 8 potions of haste to enter a treasure
                  | trove
 81834 | Trove    | Entered a treasure trove
 81848 | Trove    | Identified the +6 short sword of Gloom {drain, rC- rN+++
                  | Str+6}
 82011 | Depths:5 | Found a radiant altar of Vehumet.
 82331 | Depths:5 | Found a gate to the Realm of Zot.
 82345 | Depths:5 | Identified the +2 trident of Slime {elec, rPois rC- rCorr
                  | Stlth+}
 82868 | Depths:5 | Identified the +8 spear of Exoneration {vorpal, rC- Str+9
                  | Int-5} (Trog gifted it to you on level 5 of the Depths)
 82868 | Depths:5 | Received a gift from Trog
 83607 | Crypt:1  | Entered Level 1 of the Crypt
 84706 | Crypt:2  | Received a gift from Trog
 85363 | Crypt:2  | Reached XP level 27. HP: 261/261 MP: 22/22
 85633 | Crypt:3  | Entered Level 3 of the Crypt
 86338 | Crypt:3  | Found an ancient bone altar of Kikubaaqudgha.
 86338 | Crypt:3  | Noticed an ancient lich
 86346 | Crypt:3  | Killed an ancient lich
 86423 | Crypt:3  | Noticed Boris
 86436 | Crypt:3  | Killed Boris
 86436 | Crypt:3  | Received a gift from Trog
 87331 | Crypt:3  | Found a staircase to the Tomb.
 87339 | Crypt:3  | Identified the ring of Iveim {rC- rN+ Dex+4 Stlth+}
 87339 | Crypt:3  | Identified the ring "Pigy" {rElec rN+ Dex+3}
 87339 | Crypt:3  | Identified the ring of Anenen {rN+ Will+ MP+9 Stlth+}
 87885 | Hell     | Received a gift from Trog
 88104 | Hell     | Killed Geryon
 88614 | Hell     | Found a gateway to the ashen valley of Gehenna.
 88730 | Hell     | Found a gateway to the freezing wastes of Cocytus.
 88796 | Hell     | Found a gateway to the Iron City of Dis.
 88827 | Hell     | Received a gift from Trog
 88907 | Hell     | Found a gateway to the decaying netherworld of Tartarus.
 88936 | Hell     | Noticed Murray
 88956 | Hell     | Killed Murray
 89143 | Hell     | Found a gateway to the decaying netherworld of Tartarus.
 89200 | Hell     | Found a gateway to the ashen valley of Gehenna.
 89261 | Hell     | Found a gateway to the freezing wastes of Cocytus.
 89320 | Hell     | Found a gateway to the Iron City of Dis.
 89701 | Slime:1  | Entered Level 1 of the Pits of Slime
 90213 | Slime:2  | Gained mutation: You sometimes lose the ability to read
                  | scrolls when taking damage. [a shining eye]
 91266 | Swamp:4  | Got a decaying rune of Zot
 91704 | Zot:1    | Entered Level 1 of the Realm of Zot
 92109 | Zot:1    | Reached skill level 27 in Fighting
 92300 | Zot:1    | Noticed an orb of fire
 92305 | Zot:1    | Received a gift from Trog
 92310 | Zot:1    | Gained mutation: You tend to lose your temper in combat.
                  | [an orb of fire]
 92319 | Zot:1    | Killed an orb of fire
 92452 | Zot:1    | Noticed an orb of fire
 92458 | Zot:1    | Gained mutation: You often lose your temper in combat. [an
                  | orb of fire]
 92461 | Zot:1    | Killed an orb of fire
 93010 | Zot:1    | Noticed an orb of fire
 93015 | Zot:1    | Gained mutation: You are frail. (-10% HP) [an orb of fire]
 93025 | Zot:1    | Gained mutation: Your magical capacity is low. (-10% MP)
                  | [an orb of fire]
 93029 | Zot:1    | Killed an orb of fire
 93030 | Zot:1    | Reached skill level 27 in Armour
 94873 | Zot:3    | Identified the +3 hand crossbow "Qisab" {elec, rF+ rN+++
                  | Dex-3}
 96767 | Zot:4    | Received a gift from Trog
 96768 | Zot:4    | Reached skill level 27 in Dodging
 97530 | Zot:5    | Entered Level 5 of the Realm of Zot
 97853 | Zot:5    | Found a huge runed gate.
 97853 | Zot:5    | Found a huge runed gate.
 97853 | Zot:5    | Found a huge runed gate.
 97853 | Zot:5    | Found a huge runed gate.
 97854 | Zot:5    | Found a huge runed gate.
 97856 | Zot:5    | Found a huge runed gate.
 97858 | Zot:5    | Found a huge runed gate.
 97860 | Zot:5    | Found a huge runed gate.
 97861 | Zot:5    | Found a huge runed gate.
 98252 | Zot:5    | Found a huge runed gate.
 98252 | Zot:5    | Found a huge runed gate.
 98252 | Zot:5    | Found a huge runed gate.
 98252 | Zot:5    | Found a huge runed gate.
 98254 | Zot:5    | Found a huge runed gate.
 98256 | Zot:5    | Found a huge runed gate.
 98261 | Zot:5    | Found a huge runed gate.
 98261 | Zot:5    | Found a huge runed gate.
 98261 | Zot:5    | Found a huge runed gate.
 98261 | Zot:5    | Found a huge runed gate.
 98261 | Zot:5    | Found a huge runed gate.
 98261 | Zot:5    | Found a huge runed gate.
 98262 | Zot:5    | Found a huge runed gate.
 98263 | Zot:5    | Found a huge runed gate.
 98475 | Zot:5    | Noticed an orb of fire
 98482 | Zot:5    | Noticed an orb of fire
 98484 | Zot:5    | Gained mutation: You occasionally shout uncontrollably at
                  | your foes. [an orb of fire]
 98493 | Zot:5    | Gained mutation: You are weak. (Str -2) [an orb of fire]
 98496 | Zot:5    | Killed an orb of fire
 98497 | Zot:5    | Reached skill level 27 in Shields
 98498 | Zot:5    | Killed an orb of fire
 98650 | Zot:5    | Noticed a dread lich
 98722 | Zot:5    | Killed a dread lich
 98870 | Zot:5    | Received a gift from Trog
 99035 | Zot:5    | Noticed an orb of fire
 99046 | Zot:5    | Gained mutation: You are very frail. (-20% HP) [an orb of
                  | fire]
 99060 | Zot:5    | Killed an orb of fire
 99549 | Vaults:3 | Lost mutation: You sometimes lose the ability to read
                  | scrolls when taking damage. [potion of mutation]
 99549 | Vaults:3 | Lost mutation: You often lose your temper in combat.
                  | [potion of mutation]
 99549 | Vaults:3 | Lost mutation: You are weak. (Str -2) [potion of mutation]
 99549 | Vaults:3 | Gained mutation: Your body often deteriorates upon taking
                  | damage. [potion of mutation]
100092 | Zot:5    | Noticed an ancient lich
100092 | Zot:5    | Noticed an ancient lich
100092 | Zot:5    | Noticed an ancient lich
100101 | Zot:5    | Noticed an orb of fire
100593 | Zot:5    | Killed an orb of fire
100605 | Zot:5    | Killed an ancient lich
100943 | Zot:5    | Noticed an ancient lich
100952 | Zot:5    | Killed an ancient lich
100953 | Zot:5    | Reached skill level 15 in Evocations
101009 | Zot:5    | Noticed an ancient lich
101020 | Zot:5    | Killed an ancient lich
101267 | Zot:5    | Noticed a dread lich
101281 | Zot:5    | Killed a dread lich
101329 | Zot:5    | Noticed a dread lich
101340 | Zot:5    | Killed a dread lich
101761 | Zot:5    | Gained mutation: You often lose your temper in combat.
                  | [mutagenic glow]
101782 | Zot:5    | Gained mutation: You are extremely frail. (-30% HP)
                  | [mutagenic glow]
101922 | Zot:5    | Noticed an ancient lich
101933 | Zot:5    | Killed an ancient lich
102029 | Zot:5    | Killed an ancient lich
102484 | Zot:5    | Killed an ancient lich
102688 | Zot:5    | Lost intelligence.
102718 | Zot:5    | HP: 8/191 [golden dragon[an orange crystal statue] (22)]
103271 | Dis:1    | Entered Level 1 of the Iron City of Dis
103666 | Geh:1    | Entered Level 1 of Gehenna
103788 | Geh:1    | Killed from afar by a Brimstone Fiend

Illustrated notes

Levels and vault maps discovered:
D:1:      tarquinn_simple_flora_water_c, layout_basic, basic_ecumenical_altar,
          serial_shops, shop, minmay_misc_feat_iff
D:2:      layout_basic, minmay_pentomino_p2, uniq_robin, uniq_terence
D:3:      cheibrodos_fertilizer, layout_rooms, uniq_jessica
D:4:      layout_basic, lemuel_tele_altar, mainiacjoe_overflow_surrounded_room,
          enter_ossuary_2
D:5:      layout_basic, lemuel_doored_altar, trog_book,
          minmay_temple_entry_trees, uniq_duvessa
D:6:      layout_loops_ring
D:7:      layout_loops_cross, mainiacjoe_overflow_tiny_flanked
D:8:      layout_loops_ring, mainiacjoe_overflow_alcove_2
D:9:      minmay_sliced_demisemicircle, layout_loops_ring,
          kennysheep_orc_monster_closet_entryway, serial_ice, serial_ice_o,
          serial_ice_m, serial_ice_g, serial_ice_b
D:10:     layout_gridville, nicolae_ru_great_annihilating_truth, enter_bailey_2,
          uniq_urug
D:11:     layout_irregular_city, minmay_lair_entry_grove, serial_shops,
          nicolae_shop_statue_plus, kennysheep_little_box, shop,
          gauntlet_entry_generic
D:12:     layout_roguey, gammafunk_ghost_wrathful_warriors
D:13:     layout_loops_corners, grunt_vaults_entry_tiered
D:14:     layout_loops_ring, serial_shops, shop, nzn_hepliaklqana_mist_gate,
          uniq_louise
D:15:     gammafunk_depths_entry_grave, layout_rooms,
          hangedman_decor_diamond_cutter, tgw_sif, uniq_azrael, uniq_kirke,
          uniq_josephine
Lair:1:   beast_lair_carwin_large_1, layout_regular_city, st_stairs_7,
          infiniplex_staircase_pool
Lair:2:   layout_concentric_octagons, basic_altar, minmay_lair_oklob_chamber
Lair:3:   layout_small_grid, minmay_swamp_entry_reptiles, uniq_gastronok,
          uniq_prince_ribbit2, uniq_rupert
Lair:4:   layout_long_grid, minmay_snake_entry_guardpost_medium, special_room
          [special_room_bee]
Lair:5:   layout_roguey, nicolae_quartered_pool_super, minmay_stone_trees_large,
          minmay_lair_drake_nest, serial_bayou_shore_b,
          infiniplex_staircase_pool_2
Lair:6:   gammafunk_lair_ancient_temple, layout_misc_corridors,
          minmay_slime_entry_pillars, portal_ice_cave_entry_pillars_1,
          st_stairs_6, wad_woods_03
Swamp:1:  layout_basic_swamp, gammafunk_ghost_mausoleum,
          evilmike_swamp_ruin_rubble_1, uniq_jorgrun
Swamp:2:  nicolae_swamp_tree_isthmus, layout_basic_swamp,
          gammafunk_ghost_abyssal_escape, evilmike_swamp_ruin_rubble_2
Swamp:3:  layout_basic_swamp, evilmike_swamp_ruin_house_1, swamp_pool5,
          nicolae_swamp_fairy_circle, hangedman_swamp_dais
Swamp:4:  swamp_icy, layout_basic_swamp, nicolae_swamp_wisp_ring_woods
Snake:1:  hangedman_cross_stitches, layout_concentric_octagons
Snake:2:  layout_cave_pods, basic_altar, grunt_ministairs_2, uniq_frances
Snake:3:  layout_basic, basic_altar, uniq_roxanne
Snake:4:  snake_pit_salamanders_mu, layout_basic, lemuel_fruit_tree
Slime:1:  layout_caves
Slime:2:  cheibrodos_slime_lost_civilization_8, layout_caves,
          cheibrodos_slime_lost_civilization_4
Slime:3:  layout_caves
Orc:1:    gammafunk_beogh_shrine, layout_diamond_mine,
          biasface_ghost_orc_armoury, mines2_david
Orc:2:    st_orc_pillars, layout_diamond_mine, basic_altar, uniq_maurice,
          uniq_nessos
Elf:1:    layout_loops_ring, special_room [special_room_orc], serial_shops,
          nicolae_shop_statue_plus, minmay_elf_necromancy, hex_large,
          grunt_megastairs_2, uniq_asterion, uniq_nikola
Elf:2:    nicolae_elf_blades_crystal_corner, layout_geoelf_octagon,
          serial_shops, shop, minivault_4, serial_sigils_hangedman_snap,
          minivault_26
Elf:3:    grunt_elf_hall_diamonds, layout_onion_city,
          nicolae_elf_shapeshifter_party
Vaults:1: st_greater_box_2, vaults_room_ringed_pool, v_misc_15,
          hangedman_vaults_restitches, v_pattern_2, v_misc_17,
          layout_vaults_omnigrid, portal_desolation_entry_nicolae_slug
Vaults:2: ebering_vaults_ghost_reflecting_pool, ontoclasm_vaults_chip,
          grunt_vaults_trifunnel, v_alt_pattern_4,
          nicolae_vaults_disjoint_gnomons, nicolae_vaults_shelves_hall,
          vaults_dpeg_doors, nicolae_vaults_little_squares_4,
          grunt_vaults_diagonal, vaults_room_grunt_arrival_checkpoint,
          v_misc_15, special_room_vaults [special_room_orc],
          vaults_room_stairs_pillars, vaults_dpeg_hooks, layout_vaults_ring,
          uniq_xtahua, uniq_bai_suzhen, uniq_mennas, uniq_margery
Vaults:3: v_misc_28, nicolae_vaults_big_angled_halls, v_alt_pattern_1,
          minmay_crypt_entry_nasty_monster, ontoclasm_vaults_twist,
          nicolae_vaults_ring_of_whatevers, layout_vaults_big_room,
          serial_shops, nicolae_shop_statue_plus
Vaults:4: gammafunk_vaults_ghost_cemetery, vaults_dpeg_encased_lava,
          v_alt_pattern_2, nicolae_vaults_theta,
          nicolae_vaults_little_squares_6, vaults_room_door_hall, v_misc_9,
          nicolae_vaults_puzzle_piece, v_misc_30, st_lattice, v_rooms_4,
          vaults_dpeg_spiral, ontoclasm_vaults_hangar, vaults_dpeg_diagonal,
          nicolae_vaults_little_squares_6, nicolae_vaults_little_squares_1,
          ontoclasm_vaults_tryst, vaults_room_hallway, layout_vaults_omnicross
Vaults:5: serial_shops, uniq_mara
Crypt:1:  layout_misc_corridors, corexii_hall_statues_x,
          corexii_leaking_fountain
Crypt:2:  layout_catacombs
Crypt:3:  cryptofortress_bobbens, uniq_boris
Depths:1: layout_basic, nicolae_lava_and_water, infiniplex_enter_wizlab_spiral,
          serial_glass, glass_columns_c, glass_columns_b, item_on_display_b,
          due_unseen_surprise, hell_entry, minmay_misc_feat_four_crosses,
          grunt_ministairs_2, minmay_metal_thing
Depths:2: minmay_stepped, layout_gridlike, hell_entry, minivault_11,
          infiniplex_staircase_zigzag_3
Depths:3: kennysheep_green_arena, layout_cave_pools, abyss_entry, special_room
          [special_room_jelly], hell_entry, old_standard_altar,
          rand_demon_pan_entry_7, grunt_ministairs_2, nicolae_rare_books,
          chequers_serial_rivers_room_a, minmay_shop_grove
Depths:4: cheibrodos_lost_city_excavation, layout_cave_shapes,
          grunt_pan_entry_spiral, nicolae_uskayaw_dance_hall, abyss_entry,
          pf_hell_entry_great_geh, infiniplex_staircase_9_rooms
Depths:5: lemuel_castle_with_subvaults [lemuel_castle_interior_carwin_2],
          layout_basic, enter_ziggurat_a, nicolae_vehumet_radiance, abyss_entry,
          serial_shops, bzr_entry_gold, hell_entry, enter_trove_5
Hell
Dis:1:    layout_overlapping_boxes
Geh:1:    layout_gehenna_pools_box
Zot:1:    layout_gridlike, grunt_megastairs_1
Zot:2:    layout_gridlike
Zot:3:    layout_twisted_circle
Zot:4:    layout_misc_corridors, skrybe_zot_glass_1, lemuel_elevator
Zot:5:    layout_basic, not_door_vault_due

Skill      XL: |  1  2  3  4  5  6  7  8  9 10 11 12 13 14 15 16 17 18 19 20 21 22 23 24 25 26 27 |
---------------+----------------------------------------------------------------------------------+-----
Fighting       | 4 5 6 7 8 10 12 14 16 17 18 19 20 21 22 23 24 25 27 | 27.0
Axes           | 4 5 6 7 8 9 11 12 13 14 15 16 17 18 19 20 | 20.0
Armour         | 3 4 5 6 8 9 10 12 13 14 16 17 18 19 20 21 22 23 25 27 | 27.0
Dodging        | 3 4 5 6 7 8 10 11 12 13 14 15 16 17 18 19 20 21 22 27 | 27.0
Shields        | 1 2 3 4 5 7 8 10 11 12 13 14 16 17 18 19 20 21 22 23 24 27 | 27.0
Crossbows      | 2 5 7 8 10 | 10.0
Throwing       | 2 5 6 |  6.0
Evocations     | 1 5 8 10 18 | 18.2

Action                   |  1- 3 |  4- 6 |  7- 9 | 10-12 | 13-15 | 16-18 | 19-21 | 22-24 | 25-27 || total
-------------------------+-------+-------+-------+-------+-------+-------+-------+-------+-------++-------
Melee: Hand axe          |    65 |   188 |    60 |       |       |       |       |       |       ||   313
       Headbutt          |    13 |    43 |    52 |    86 |   125 |   311 |   426 |   461 |  1055 ||  2572
       War axe           |       |       |   150 |       |       |       |       |       |       ||   150
       Broad axe         |       |       |    17 |   345 |   506 |  1201 |  1216 |  1445 |  2266 ||  6996
       Spear             |       |       |       |    39 |       |       |       |       |       ||    39
       Sacred scourge    |       |       |       |       |       |       |       |       |   459 ||   459
Throw: Dart              |       |     8 |     1 |     7 |       |    29 |    82 |    56 |    28 ||   211
Invok: Berserk           |     1 |     6 |     6 |     8 |     6 |    13 |     9 |    12 |    34 ||    95
       Brothers in Arms  |       |       |       |       |       |     2 |       |     2 |       ||     4
       Trog's Hand       |       |       |       |       |       |     3 |     1 |     1 |       ||     5
Evoke: Wand              |       |       |       |       |     2 |     2 |       |       |       ||     4
       Piece from Xom's  |       |       |       |       |       |       |       |    14 |       ||    14
  Use: Scroll            |       |     1 |     3 |     2 |    27 |     2 |     3 |    20 |    16 ||    74
       Potion            |       |       |       |     1 |     2 |     3 |     1 |     1 |    18 ||    26
 Stab: Distracted        |       |       |     1 |       |       |       |     1 |     4 |       ||     6
       Paralysed         |       |       |       |     1 |       |       |       |       |       ||     1
Armor: Animal skin       |     6 |       |       |       |       |       |       |       |       ||     6
       Scale mail        |    10 |    13 |       |       |       |       |       |       |       ||    23
       Chain mail        |       |    66 |   107 |    37 |       |       |       |       |       ||   210
       Plate armour      |       |       |       |   116 |   231 |   318 |   204 |    55 |       ||   924
       Gold dragon scale |       |       |       |       |       |       |       |   231 |   689 ||   920
Dodge: Dodged            |    48 |    64 |   112 |   119 |   136 |   238 |   274 |   245 |  1015 ||  2251
Block: Buckler           |     2 |    33 |    64 |    23 |       |       |       |       |       ||   122
       Kite shield       |       |       |       |   223 |   223 |       |       |       |       ||   446
       Reflection        |       |       |       |     8 |    11 |    92 |   117 |   110 |    48 ||   386
       Tower shield      |       |       |       |       |   352 |  1247 |  1295 |  1215 |  2897 ||  7006
